 Dungeon Crawl Stone Soup version 0.27-a0-417-g317cea8a3c (webtiles) character file.

Game seed: 9924035633121962681

25 HoaS the Twirler (level 2, 0/24 HPs)
             Began as a Demigod Gladiator on Feb 25, 2021.
             Slain by a jackal (2 damage)
             ... on level 1 of the Dungeon.
             The game lasted 00:01:16 (797 turns).

HoaS the Twirler (Demigod Gladiator)                 Turns: 797, Time: 00:01:16

Health: 0/24       AC:  4    Str: 15    XL:     2   Next: 66%
Magic:  4/4        EV: 12    Int: 10    God:
Gold:   43         SH:  0    Dex: 15    Spells: 1/1 levels left

rFire    . . .     SeeInvis .   a - +0 quarterstaff
rCold    . . .     Faith    .   (shield currently unavailable)
rNeg     . . .     Spirit   .   b - +0 leather armour
rPois    .         Reflect  .   c - +0 helmet
rElec    .         Harm     .   (no cloak)
rCorr    +         Rampage  .   (no gloves)
Will     .....                  (no boots)
Stlth    +.........             (no amulet)
HPRegen  0.08/turn              f - ring of resist corrosion
MPRegen  0.09/turn              (no ring)

@: no status effects
A: high mp 1
a: no special abilities


You were on level 1 of the Dungeon.
You visited 1 branch of the dungeon, and saw 2 of its levels.

You collected 43 gold pieces.

Inventory:

Hand Weapons
 a - a +0 quarterstaff (weapon)
Missiles
 d - 3 throwing nets (quivered)
Armour
 b - a +0 leather armour (worn)
 c - a +0 helmet (worn)
Jewellery
 f - a ring of resist corrosion (left hand)
Scrolls
 e - a scroll of amnesia {unknown}
 h - 3 scrolls of teleportation {unknown}
Potions
 g - 2 potions of mutation {unknown}


   Skills:
 - Level 1.7 Fighting
 + Level 3.7 Staves
 - Level 1.7 Throwing
 - Level 2.6 Dodging


You had one spell level left.
You didn't know any spells.
Your spell library was empty.

Dungeon Overview and Level Annotations

Branches:
Dungeon (2/15)


Innate Abilities, Weirdness & Mutations

You have an increased reservoir of magic. (+10% MP)


Message History

You climb downwards.
The jackal closely misses you. The goblin misses you. The jackal bites you.
An adder comes into view.
There is a stone staircase leading up here.
The jackal barely misses you. The goblin barely misses you.
The jackal closely misses you.
The jackal bites you but does no damage.
The jackal misses you.
You climb upwards.
There is a stone staircase leading down here.
You barely miss the jackal. The jackal closely misses you.
The jackal bites you. The jackal closely misses you.
The goblin closely misses you.
The jackal bites you but does no damage.
The jackal closely misses you.
You closely miss the jackal.
The jackal bites you but does no damage.
The jackal closely misses you. The goblin barely misses you.
The jackal bites you. x2
You closely miss the jackal. The jackal bites you. x2
The goblin closely misses you. The jackal closely misses you. x2
The jackal completely misses you. The goblin hits you.
You hit the jackal but do no damage. The jackal bites you.
The jackal completely misses you. The jackal closely misses you.
The jackal bites you. The goblin hits you.
* * * LOW HITPOINT WARNING * * *
You closely miss the jackal. The jackal barely misses you.
The jackal bites you but does no damage.
The jackal closely misses you. The jackal bites you.
* * * LOW HITPOINT WARNING * * *
The jackal bites you but does no damage.
The goblin closely misses you. The jackal bites you.
* * * LOW HITPOINT WARNING * * *
You hit the jackal.
You kill the jackal!
The jackal closely misses you.
The jackal bites you but does no damage.
The goblin closely misses you. The jackal barely misses you.
The jackal bites you.
You die...

.......#########.# #.#.# #####..#
#.# #.#.# #####..# #.# #.#.#
...##..#########.###.#.#
.)...................#.##########
...##...........g................
#.###.#####.####h#####....#######
#.# #.# ##.#.###h# ###.## ### #.#
#.###.###.##@# #.######.. #.#
#.##.## ##.#.# #......... ..#
#...## ##..# #..####.#. ###
####.## ##.### #..# #... #
##.###.## #..# #.#. ## ##.#.##
#..# #..) .# ##.## #..# ##). .#
#.# #######..#####.# .# #.#
#.).............


You could see 2 jackals and a goblin.

Vanquished Creatures
  A leopard gecko (D:1)
  A bat (D:1)
  2 giant cockroaches (D:1)
  4 goblins (D:1)
  5 hobgoblins (D:1)
  A jackal (D:1)
  A frilled lizard (D:1)
  3 kobolds (D:1)
  3 rats (D:1)
21 creatures vanquished.

Notes
Turn   | Place    | Note
-------+----------+-------------------------------------------
     0 | D:1      | HoaS the Demigod Gladiator began the quest for the Orb.
     0 | D:1      | Reached XP level 1. HP: 17/17 MP: 3/3
    35 | D:1      | Reached skill level 3 in Staves
   172 | D:1      | Reached XP level 2. HP: 19/24 MP: 4/4
   794 | D:1      | HP: 1/24 [jackal (2)]
   797 | D:1      | Slain by a jackal

Illustrated notes

Levels and vault maps discovered:
D:1:      minmay_arrival_semitransparent, layout_loops_ring,
          minmay_misc_feat_five
D:2:      layout_rooms

Skill      XL: |  1 |
---------------+----+-----
Staves         | 3 |  3.7
Fighting       | |  1.7
Throwing       | |  1.7
Dodging        | |  2.6

Action                   || total
-------------------------++-------
Melee: Quarterstaff      ||    77
Armor: Leather armour    ||    26
Dodge: Dodged            ||    73

Table legend: (Time is in decaauts)
 A = Elapsed time spent in this place.
 B = Non-inter-level travel time spent in this place.
 C = Inter-level travel time spent in this place.
 D = Time resting spent in this place.
 E = Time spent auto-exploring this place.
 F = Levels seen in this place.
 G = Mean time per level.
                   A        B        C        D        E       F      G
               +--------+--------+--------+--------+--------+-----+--------+
         Total |    808 |    794 |     14 |    211 |    423 |   2 |  404.0 |
       Dungeon |    808 |    794 |     14 |    211 |    423 |   2 |  404.0 |
               +--------+--------+--------+--------+--------+-----+--------+

Top non-repeatable levels by time:
     D:1: 802 daAuts
     D:2: 6 daAuts
